 Dungeon Crawl Stone Soup version 0.31.0-32-g396128a36d (webtiles) character file.

Game seed: 11529342682156499083

996 H0rd4k the Martial Artist (level 8, 0/54 HPs)
             Began as an Octopode Artificer on Apr 16, 2024.
             Killed by divine providence
             ... invoked by an orc priest
              (15 damage)
             ... on level 5 of the Dungeon.
             The game lasted 00:04:50 (4435 turns).

H0rd4k the Martial Artist (Octopode Artificer)      Turns: 4435, Time: 00:04:50

Health: 0/54       AC: -11   Str: 12    XL:     8   Next: 19%
Magic:  8/8        EV: 13    Int: 15    God:
Gold:   241        SH:  0    Dex: 12    Spells: 7/7 levels left

rFire   . .          .
                       - Unarmed
rCold   . . .        (no shield)
rNeg    . . .        (helmet currently unavailable)
rPois   .            o - amulet of magic regeneration
rElec   .            (no ring)
rCorr   .            (no ring)
SInv    .            (no ring)
Will    .....        (no ring)
Stlth   ++           (no ring)
HPRegen 0.29/turn    (no ring)
MPRegen 0.51/turn    (no ring)
                     (no ring)

%: no passive effects
@: beast-form, silenced, corroded, attractive
A: beast (slay +1), almost no armour, amphibious, 8 rings, camouflage 1,
gelatinous body 1, (nimble swimmer 1), tentacles
a: Begin Untransformation


You were on level 5 of the Dungeon.
You were a hulking beast.
You visited 2 branches of the dungeon, and saw 6 of its levels.

You collected 241 gold pieces.

Inventory:

Hand Weapons
 u - the +2 sling "Ralod" {antimagic, Str+5 Int+4}
   (You found it on level 5 of the Dungeon)

   Str+5:     It affects your strength (+5).
   Int+4:     It affects your intelligence (+4).
Missiles
 n - 3 poisoned darts
Jewellery
 o - an amulet of magic regeneration (around mantle)
Talismans
 q - a beast talisman (active)
Scrolls
 e - a scroll of brand weapon {unknown}
 g - a scroll of enchant armour {unknown}
 l - a scroll of noise {unknown}
 t - 3 scrolls of torment {unknown}
Potions
 b - a potion of ambrosia
 h - a potion of attraction
 i - a potion of cancellation {unknown}
 j - a potion of magic {unknown}
 k - a potion of degeneration {unknown}
 m - 3 potions of curing {unknown}
 p - a potion of mutation {unknown}
 r - 2 potions of lignification {unknown}
 s - a potion of brilliance {unknown}


   Skills:
 + Level 3.8 Fighting
 - Level 2.3 Dodging
 - Level 1.3 Stealth
 + Level 8.0 Unarmed Combat
 - Level 3.2 Evocations
 * Level 1.7 Shapeshifting


You had 7 spell levels left.
You didn't know any spells.
Your spell library contained the following spells:

 Spells                   Type           Power      Damage    Failure   Level
 Haunt                    Necr/Summ      0%         N/A       100%        7
 Borgnjor's Revivificati  Necr           0%         N/A       100%        8
 Death's Door             Necr           0%         N/A       100%        9


Dungeon Overview and Level Annotations

Branches:
Dungeon (5/15)             Temple (1/1) D:5

Altars:
Ashenzari
Cheibriados
Elyvilon
Hepliaklqana
Kikubaaqudgha
Nemelex Xobeh
Ru
Sif Muna
Trog
Uskayaw
Wu Jian
Xom
Zin
The Shining One

Annotations:
D:2 exclusion: downstairs


Innate Abilities, Weirdness & Mutations

You are a hulking beast.
Your limbs bulge with bestial killing power. (Slay +1)
You cannot wear most types of armour.
You are amphibious.
You can wear up to eight rings at the same time.
Your skin changes colour to match your surroundings (Stealth+).
Your rubbery body absorbs attacks. (AC +1, EV +1)
((You are camouflaged when in or above water. (Stealth+)))
You have tentacles for arms and can constrict up to eight enemies at once.


Message History

a +0 short sword of speed; a +0 leather armour; an orc corpse An orc priest comes into view.
It is wielding a +0 flail.
Magic scrolls do not work when you're silenced!
It was a potion of ambrosia.
You are confused.
You feel invigorated. The orc hits you with a +0 club.
* * * LOW HITPOINT WARNING * * *
It was a potion of attraction.
You feel attractive to monsters. The orc hits you with a +0 club.
The orc is attracted toward you.
You bump into the rock wall.
The orc closely misses you. The orc is attracted toward you.
You bump into the rock wall.
The orc barely misses you.
You barely miss the orc. The orc barely misses you.
You bludgeon the orc!
You kill the orc!
You bump into the rock wall.
The jelly hits you.
You are splashed with acid!
You bludgeon the jelly! The acid corrodes you!
Your tentacles burn!
You tentacle-slap the jelly.
The jelly is heavily wounded.
The jelly misses you.
You bump into the rock wall.
The jelly misses you.
You bump into the rock wall.
You feel less invigorated.
You feel less confused. The jelly hits you. The acid corrodes you!
You are splashed with acid.
You tentacle-slap the jelly.
Your tentacles burn!
You squeeze the jelly, but do no damage.
The jelly is severely wounded.
The jelly hits you.
You are splashed with acid!
You tentacle-slap the jelly but do no damage.
The acid corrodes you!
Your tentacles burn!
You squeeze the jelly, but do no damage.
The jelly is severely wounded.
The jelly closely misses you.
You tentacle-slap the jelly.
Your tentacles burn!
* * * LOW HITPOINT WARNING * * *
The jelly is almost dead.
The orc priest mumbles some strange prayers to Beogh against you.
Beogh smites you!
You die...

# #.....# #. #†##..........
..#.....# #.# #.####........
:.......' ..# #.#.......####
<.......######.# #.......#.#
#...........#.# #.......#.#
#.........#.# ###.#.......####
#.....)...#.# #...#.##.......†
#.......).#o###.........######
#........oooJh....####.#######
#####.#'###o###.#####..#......
#......).)....##..........
#.#.##########.'.)........
#.#...######...#..........
#.#..>ooo....#####...[.###
........o)..## ###...#
)....o..o...# #......
...o.......# #...###


You could see a jelly, an orc priest and 4 orcs.

Vanquished Creatures
  An ice beast (D:3)
  3 ogres
  A centaur (D:4)
  A howler monkey (D:4)
  3 bombardier beetles
  A jelly (D:4)
  A hound (D:5)
  An orc priest (D:5)
  An iguana (D:4)
  2 orc wizards (D:5)
  A gnoll (D:5)
  3 adders (D:3)
  A dart slug (D:1)
  2 ribbon worms (D:2)
  12 orcs
  3 bats
  2 endoplasms
  4 giant cockroaches
  4 goblins
  8 hobgoblins
  6 jackals
  7 kobolds
  2 quokkas (D:3)
  6 ball pythons
  3 frilled lizards
  6 rats
85 creatures vanquished.

Vanquished Creatures (collateral kills)
  A phantom (D:5)
  A bombardier beetle (D:5)
  An orc wizard (D:5)
  3 gnolls (D:5)
  4 orcs
  A quokka (D:3)
11 creatures vanquished.

Vanquished Creatures (others)
  An adder (D:5)
1 creature vanquished.

Grand Total: 97 creatures vanquished

Notes
Turn   | Place    | Note
-------+----------+-------------------------------------------
     0 | D:1      | H0rd4k the Octopode Artificer began the quest for the Orb.
     0 | D:1      | Reached XP level 1. HP: 13/13 MP: 1/1
   101 | D:1      | Reached skill level 1 in Unarmed Combat
   156 | D:1      | Reached XP level 2. HP: 18/18 MP: 2/2
   663 | D:2      | Reached skill level 2 in Unarmed Combat
   748 | D:2      | Reached XP level 3. HP: 12/23 MP: 3/3
  1506 | D:3      | Noticed a steam dragon
  1603 | D:3      | Reached skill level 3 in Unarmed Combat
  1603 | D:3      | Reached XP level 4. HP: 9/29 MP: 4/4
  1642 | D:3      | Found a sparkling altar of Nemelex Xobeh.
  1975 | D:3      | Reached skill level 4 in Unarmed Combat
  1975 | D:3      | Reached XP level 5. HP: 26/34 MP: 5/5
  2053 | D:3      | Noticed an ice beast
  2407 | D:3      | Killed an ice beast
  2408 | D:3      | Reached XP level 6. HP: 18/41 MP: 6/6
  2521 | D:4      | Reached skill level 5 in Unarmed Combat
  3058 | D:4      | Reached skill level 6 in Unarmed Combat
  3058 | D:4      | Reached XP level 7. HP: 6/46 MP: 7/7
  3686 | D:5      | Entered Level 5 of the Dungeon
  3694 | D:5      | Found a sacrificial altar of Ru.
  3750 | D:5      | Reached skill level 7 in Unarmed Combat
  3876 | D:5      | Reached skill level 1 in Shapeshifting
  4011 | D:5      | Found a staircase to the Ecumenical Temple.
  4018 | Temple   | Entered the Ecumenical Temple
  4067 | D:5      | Identified the +2 sling "Ralod" {antimagic, Str+5 Int+4}
  4095 | D:5      | Reached XP level 8. HP: 23/54 MP: 8/8
  4343 | D:5      | Noticed a wyvern
  4412 | D:5      | Reached skill level 8 in Unarmed Combat
  4435 | D:5      | Killed from afar by an orc priest

Illustrated notes

Levels and vault maps discovered:
D:1:      sevenhm_arrival_forest_fort_small_3, layout_basic
D:2:      layout_basic
D:3:      layout_rooms, lemuel_crystal_altar
D:4:      layout_loops_ring
D:5:      layout_basic, overflow_temple_1_default, temple_fountains
Temple:   hellmonk_temple_forest_ring

Skill      XL: |  1  2  3  4  5  6  7  8 |
---------------+-------------------------+-----
Unarmed Combat | 1 2 3 4 6 7 8 |  8.0
Fighting       | 2 3 |  3.8
Shapeshifting  | 1 |  1.7
Dodging        | |  2.3
Stealth        | |  1.3
Evocations     | |  3.2

Action                     |  1- 3 |  4- 6 |  7- 9 || total
---------------------------+-------+-------+-------++-------
  Melee: Unarmed           |    91 |    89 |    52 ||   232
         Constrict         |    22 |    19 |     9 ||    50
         Tentacles         |    16 |    22 |    10 ||    48
         Punch             |     3 |     4 |     5 ||    12
  Evoke: Wand              |     4 |    14 |    17 ||    35
    Use: Scroll            |       |       |     2 ||     2
         Potion            |       |       |     2 ||     2
   Stab: Sleeping          |    11 |     2 |     2 ||    15
 Armour: Skin              |    36 |    56 |    47 ||   139
  Dodge: Dodged            |    48 |    68 |    27 ||   143
   Form: Beast             |       |       |     1 ||     1
